 Dungeon Crawl Stone Soup version 0.31-a0-267-g3fc6992b3b (webtiles) character file.

Game seed: 13562375913709198596

984 Gargoyl the Chopper (level 8, 0/49 HPs)
             Began as a Gargoyle Berserker on July 14, 2023.
             Was a Follower of Trog.
             Slain by a gnoll sergeant
             ... wielding a +4 trident of flaming
              (1 damage)
             ... on level 5 of the Dungeon.
             The game lasted 00:05:47 (3433 turns).

Gargoyl the Chopper (Gargoyle Berserker)            Turns: 3433, Time: 00:05:47

Health: 0/49       AC: 21    Str: 19    XL:     8   Next: 18%
Magic:  7/7        EV:  7    Int:  8    God:    Trog [*.....]
Gold:   1247       SH:  8    Dex: 11    Spells: 7/7 levels left

rFire   + . .        a - +0 hand axe
rCold   + . .        k - +0 kite shield
rNeg    + . .        j - +0 chain mail
rPois   ∞            (no helmet)
rElec   +            s - scarf {rC+ rF+}
rCorr   .            g - +2 pair of gloves
SInv    .            r - +0 pair of boots
Will    ++...        b - amulet of the acrobat Stlth
                     (no ring)
HPRegen 1.28/turn    (no ring)
MPRegen 0.10/turn

%: acrobat
@: strong-willed (expiring), regenerating (expiring), unable to read
A: sickness immunity, AC +5, negative energy resistance 1, electricity
resistance, torment resistance 1, petrification resistance, iridescent scales 1,
low MP 1, weak 1, inability to read after injury 1, MP-powered wands
a: Renounce Religion, Berserk


You were on level 5 of the Dungeon.
You worshipped Trog.
Trog was aware of your devotion.
You visited 1 branch of the dungeon, and saw 5 of its levels.

You collected 1247 gold pieces.

Inventory:

Hand Weapons
 a - a +0 hand axe (weapon)
 n - a +2 vampiric trident
Missiles
 t - 6 poisoned darts (quivered)
Armour
 g - a +2 pair of gloves (worn)
 j - a +0 chain mail (worn)
 k - a +0 kite shield (worn)
 r - a +0 pair of boots (worn)
 s - a scarf of resistance (worn)
Jewellery
 b - an amulet of the acrobat (around neck)
Wands
 d - a wand of iceblast (13)
 o - a wand of digging (1)
Scrolls
 c - a scroll of fog
 l - 3 scrolls of butterflies
 p - 3 scrolls of teleportation
Potions
 e - 3 potions of heal wounds
 f - a potion of mutation
 h - a potion of berserk rage
 i - 2 potions of curing {unknown}
 m - a potion of brilliance {unknown}
 q - a potion of enlightenment {unknown}


   Skills:
 + Level 5.3 Fighting
 + Level 6.5 Axes
 + Level 4.2 Armour
 + Level 2.1 Dodging
 + Level 0.5 Stealth
 + Level 3.5 Shields


You had 7 spell levels left.
You didn't know any spells.
Your spell library was empty.

Dungeon Overview and Level Annotations

Branches:
Dungeon (5/15)             Temple (0/1) D:4

Altars:
Fedhas

Annotations:
D:5 1 runed translucent door, Crazy Yiuf


Innate Abilities, Weirdness & Mutations

You are immune to sickness and miasma.
Your stone body is resilient. (AC +5)
You are immune to poison.
You resist negative energy. (rN+)
You are resistant to electric shocks. (rElec)
You are resistant to unholy torment.
You are immune to petrification.
You are partially covered in iridescent scales. (AC +2)
Your magical capacity is low. (-10% MP)
You are weak. (Str -2)
You occasionally lose the ability to read scrolls when taking damage.
You expend magic power (3 MP) to strengthen your wands.


Message History

The gnoll sergeant is almost dead.
You recover from your berserk rage.
You can read scrolls again.
The gnoll sergeant hits you with a +4 trident of flaming.
* * * LOW HITPOINT WARNING * * *
The gnoll sergeant burns you.
* * * LOW HITPOINT WARNING * * *
You hit the gnoll sergeant but do no damage.
The gnoll sergeant is almost dead.
The gnoll sergeant hits you but does no damage.
You hit the gnoll sergeant but do no damage.
The gnoll sergeant is almost dead.
You block the gnoll sergeant's attack.
You closely miss the gnoll sergeant.
The gnoll sergeant is almost dead.
You block the gnoll sergeant's attack.
You hit the gnoll sergeant but do no damage.
The gnoll sergeant is almost dead.
You block the gnoll sergeant's attack.
You hit the gnoll sergeant but do no damage.
The gnoll sergeant is almost dead.
You block the gnoll sergeant's attack.
You barely miss the gnoll sergeant.
The gnoll sergeant is almost dead.
The gnoll sergeant barely misses you.
You hit the gnoll sergeant but do no damage.
The gnoll sergeant is almost dead.
You feel the effects of Trog's Hand fading.
You block the gnoll sergeant's attack.
You hit the gnoll sergeant.
The gnoll sergeant is almost dead.
The gnoll sergeant hits you with a +4 trident of flaming.
* * * LOW HITPOINT WARNING * * *
The gnoll sergeant burns you.
* * * LOW HITPOINT WARNING * * *
The gnoll sergeant hits you with a +4 trident of flaming!
You feel threatened and lose the ability to read scrolls!
* * * LOW HITPOINT WARNING * * *
The gnoll sergeant burns you.
You die...

##########.######.#
#.#...(...........#
#.#........########
######.#........#
................#
..............###
.......)).....#
.......)..#####
.......@.)#
......g...#
..........#
######.#### #. #.
#. #.


You could see a gnoll sergeant.

Vanquished Creatures
  The ghost of Voker57 the Trooper, an amateur DsMo (D:4)
  An ice beast (D:5)
  A centaur (D:5)
  2 phantoms
  A bullfrog (D:4)
  A scorpion (D:4)
  A hound (D:5)
  Ijyb (D:3)
  Terence (D:2)
  2 iguanas (D:4)
  9 gnolls
  6 adders
  A worm (D:2)
  3 dart slugs
  4 orcs
  4 ball pythons
  3 bats
  7 endoplasms
  7 giant cockroaches
  4 goblins
  5 hobgoblins
  3 quokkas
  2 frilled lizards (D:1)
  4 kobolds
  3 rats
  A spectral hobgoblin (D:1)
78 creatures vanquished.

Notes
Turn   | Place    | Note
-------+----------+-------------------------------------------
     0 | D:1      | Gargoyl the Gargoyle Berserker began the quest for the Orb.
     0 | D:1      | Reached XP level 1. HP: 14/14 MP: 1/1
   120 | D:1      | Reached XP level 2. HP: 18/19 MP: 2/2
   391 | D:1      | Reached skill level 3 in Axes
   565 | D:1      | Found a faded altar of an unknown god.
   858 | D:2      | Reached XP level 3. HP: 24/24 MP: 3/3
  1072 | D:2      | Noticed Terence
  1085 | D:2      | Killed Terence
  1086 | D:2      | Reached XP level 4. HP: 29/29 MP: 4/4
  1586 | D:2      | Reached skill level 4 in Axes
  1600 | D:2      | Reached XP level 5. HP: 24/33 MP: 5/5
  1838 | D:3      | Identified a scroll of acquirement
  1838 | D:3      | Acquired 1058 gold pieces
  1902 | D:3      | Reached skill level 1 in Shields
  1930 | D:3      | Noticed Ijyb
  1941 | D:3      | Killed Ijyb
  2467 | D:4      | Gained mutation: You expend magic power (3 MP) to
                  | strengthen your wands. [potion of mutation]
  2467 | D:4      | Gained mutation: You are weak. (Str -2) [potion of
                  | mutation]
  2467 | D:4      | Gained mutation: Armour fits poorly on your strangely
                  | shaped body. [potion of mutation]
  2467 | D:4      | Gained mutation: Your flesh is heat resistant. (rF+)
                  | [potion of mutation]
  2468 | D:4      | Lost mutation: Armour fits poorly on your strangely shaped
                  | body. [potion of mutation]
  2468 | D:4      | Lost mutation: Your flesh is heat resistant. (rF+) [potion
                  | of mutation]
  2468 | D:4      | Gained mutation: Your magical capacity is low. (-10% MP)
                  | [potion of mutation]
  2468 | D:4      | Gained mutation: You occasionally lose the ability to read
                  | scrolls when taking damage. [potion of mutation]
  2468 | D:4      | Gained mutation: You are partially covered in iridescent
                  | scales. (AC +2) [potion of mutation]
  2533 | D:4      | Reached XP level 6. HP: 32/39 MP: 5/5
  2540 | D:4      | Found a blossoming altar of Fedhas.
  2557 | D:4      | Reached ** piety under Trog
  2558 | D:4      | Reached skill level 5 in Axes
  2756 | D:4      | Found a staircase to the Ecumenical Temple.
  2860 | D:4      | Found a runed translucent door.
  2860 | D:4      | Noticed Voker57's ghost (amateur DsMo)
  2985 | D:4      | Reached XP level 7. HP: 44/44 MP: 6/6
  3138 | D:4      | Killed Voker57's ghost
  3139 | D:4      | Reached skill level 5 in Fighting
  3139 | D:4      | Reached skill level 6 in Axes
  3179 | D:5      | Entered Level 5 of the Dungeon
  3189 | D:5      | Found a runed translucent door.
  3190 | D:5      | Noticed Crazy Yiuf
  3365 | D:5      | Reached XP level 8. HP: 46/49 MP: 7/7
  3421 | D:5      | HP: 2/49 [gnoll sergeant/+4 trident of flaming (1)]
  3433 | D:5      | HP: 1/49 [gnoll sergeant/+4 trident of flaming (7)]
  3433 | D:5      | Slain by a gnoll sergeant

Illustrated notes

Levels and vault maps discovered:
D:1:      dpeg_arrival_chambers_temple_mockup, layout_basic,
          dreamdust_ecumenical_altar_drowned_temple
D:2:      layout_basic, minmay_misc_feat_rugged, uniq_terence
D:3:      layout_rooms, interstate_on_off, st_stairs_9, uniq_ijyb
D:4:      layout_rooms, fedhas_altar_2, temple_doors_e, gammafunk_ghost_grave,
          minivault_11, minmay_misc_feat_columns
D:5:      layout_basic, tgw_trog, chequers_ossuary_entry_cave,
          minmay_misc_feat_more_columns, grunt_decor_junction,
          uniq_crazy_yiuf_cottage

Skill      XL: |  1  2  3  4  5  6  7  8 |
---------------+-------------------------+-----
Axes           | 3 4 5 6 |  6.5
Fighting       | 4 5 |  5.3
Shields        | 1 2 3 |  3.5
Armour         | 3 4 |  4.2
Dodging        | 2 |  2.1
Stealth        | |  0.5

Action                     |  1- 3 |  4- 6 |  7- 9 || total
---------------------------+-------+-------+-------++-------
  Melee: Hand axe          |    89 |   193 |    92 ||   374
 Invoke: Berserk           |     2 |     2 |     2 ||     6
         Trog's Hand       |       |       |     4 ||     4
    Use: Scroll            |     4 |     8 |     2 ||    14
         Potion            |       |     2 |       ||     2
 Armour: Animal skin       |    16 |       |       ||    16
         Chain mail        |    24 |   104 |    62 ||   190
  Dodge: Dodged            |    38 |    70 |    30 ||   138
  Block: Kite shield       |    16 |    87 |    46 ||   149

Table legend: (Time is in decaauts)
 A = Elapsed time spent in this place.
 B = Non-inter-level travel time spent in this place.
 C = Inter-level travel time spent in this place.
 D = Time resting spent in this place.
 E = Time spent auto-exploring this place.
 F = Levels seen in this place.
 G = Mean time per level.
                   A        B        C        D        E       F      G
               +--------+--------+--------+--------+--------+-----+--------+
         Total |   3565 |   3470 |     95 |      0 |   2461 |   5 |  713.0 |
       Dungeon |   3565 |   3470 |     95 |      0 |   2461 |   5 |  713.0 |
               +--------+--------+--------+--------+--------+-----+--------+

Top non-repeatable levels by time:
     D:2: 1022 daAuts
     D:4: 882 daAuts
     D:1: 877 daAuts
     D:3: 516 daAuts
     D:5: 266 daAuts
